[ AOE2 MATCH · #462467494 ]
Team RMMongols vs Chinese
[ REPLAY ANALYSIS · EXTRACTED FROM THE RECORDED GAME ]
Feudal
11:26
Castle
15:44
Imperial
36:40
| APM avg | 23.8 |
| APM peak | 75 |
| eAPM avg | 10.7 |
| Villagers / military | 91 / 91 |
Focus
⚔️ 25.3% · 🌾 74.7%
Cavalry Archer ×82 · Trebuchet (Packed) ×8 · Monk ×1
Feudal
11:34
Castle
15:35
Imperial
35:29
| APM avg | 37.1 |
| APM peak | 97 |
| eAPM avg | 20.8 |
| Villagers / military | 146 / 414 |
Focus
⚔️ 29.2% · 🌾 70.8%
Scout Cavalry ×121 · Spearman ×106 · Knight ×93 · Skirmisher ×83 · Missionary ×9 · Trebuchet (Packed) ×2
Feudal
11:03
Castle
21:00
Imperial
35:50
| APM avg | 38.3 |
| APM peak | 79 |
| eAPM avg | 14.9 |
| Villagers / military | 160 / 429 |
Focus
⚔️ 29.6% · 🌾 70.4%
Scout Cavalry ×196 · Mangudai ×143 · Camel Scout ×79 · Steppe Lancer ×5 · Trebuchet (Packed) ×5 · Monk ×1
Feudal
12:14
Castle
19:41
Imperial
32:27
| APM avg | 38.3 |
| APM peak | 420 |
| eAPM avg | 26.6 |
| Villagers / military | 106 / 335 |
Focus
⚔️ 58.2% · 🌾 41.8%
Spearman ×156 · Fire Lancer ×76 · Scorpion ×45 · Chu Ko Nu ×24 · Iron Pagoda ×17 · Trebuchet (Packed) ×14
Match map
Resources at game start + every placement click. Thick line = wall · dashed box = detected house wall. 🟡 gold · ⚪ stone · 🟢 berries · 🔶 boar · ⭕ relic
Inputs per minute
— Spartacus - - beibovaneki
Build order — Spartacus
First 150 of 232 actions detected
| 0:03 | Create | Villager (Male) ×4 |
| 0:05 | Build | House |
| 0:06 | Build | House |
| 1:40 | Create | Villager (Male) |
| 1:51 | Build | Lumber Camp |
| 1:58 | Create | Villager (Male) |
| 2:41 | Create | Villager (Male) |
| 3:09 | Create | Villager (Male) |
| 3:10 | Create | Villager (Male) |
| 3:11 | Build | House |
| 4:01 | Create | Villager (Male) |
| 4:41 | Create | Villager (Male) |
| 4:41 | Create | Villager (Male) |
| 5:31 | Create | Villager (Male) ×3 |
| 6:04 | Build | House |
| 6:45 | Create | Villager (Male) |
| 6:57 | Build | Mill |
| 7:06 | Create | Villager (Male) |
| 7:17 | Create | Villager (Male) |
| 7:17 | Create | Villager (Male) |
| 7:18 | Create | Villager (Male) |
| 8:21 | Create | Villager (Male) |
| 8:39 | Research | Feudal Age |
| 8:40 | Research | Loom |
| 8:59 | Build | Mining Camp |
| 9:43 | Create | Villager (Male) |
| 9:43 | Create | Villager (Male) |
| 10:00 | Build | House |
| 11:13 | Build | Farm |
| 11:14 | Build | Farm |
| 11:26 | Age | Feudal Age |
| 11:30 | Build | House |
| 11:40 | Build | Farm |
| 11:40 | Build | Farm |
| 11:53 | Build | Blacksmith |
| 12:01 | Build | Market |
| 12:20 | Build | House |
| 13:04 | Research | Castle Age |
| 13:17 | Build | House |
| 13:25 | Build | House |
| 13:30 | Build | House |
| 13:49 | Build | House |
| 13:50 | Build | House |
| 14:00 | Research | Double-Bit Axe |
| 14:02 | Research | Gold Mining |
| 14:09 | Build | Barracks |
| 14:59 | Build | House |
| 15:02 | Build | House |
| 15:04 | Build | House |
| 15:11 | Build | House |
| 15:13 | Build | House |
| 15:23 | Build | House |
| 15:25 | Build | House |
| 15:25 | Build | House |
| 15:26 | Build | House |
| 15:27 | Build | House |
| 15:28 | Build | House |
| 15:34 | Build | House |
| 15:41 | Build | House |
| 15:44 | Age | Castle Age |
| 15:50 | Build | House |
| 15:52 | Build | House |
| 15:57 | Create | Villager (Male) |
| 16:08 | Create | Villager (Male) |
| 16:42 | Build | Farm |
| 17:23 | Build | House |
| 17:30 | Build | Archery Range |
| 17:36 | Build | House |
| 17:51 | Create | Villager (Male) |
| 17:51 | Create | Villager (Male) |
| 17:53 | Create | Villager (Male) |
| 17:53 | Create | Villager (Male) |
| 18:00 | Research | Fletching |
| 18:16 | Build | Lumber Camp |
| 18:22 | Create | Villager (Male) |
| 18:54 | Create | Cavalry Archer |
| 19:04 | Research | Bow Saw |
| 19:29 | Build | Farm |
| 19:35 | Create | Cavalry Archer |
| 20:05 | Build | Town Center |
| 20:11 | Create | Villager (Male) |
| 20:13 | Create | Cavalry Archer |
| 20:25 | Create | Villager (Male) |
| 20:33 | Research | Horse Collar |
| 20:41 | Create | Villager (Male) |
| 20:44 | Create | Cavalry Archer |
| 21:08 | Build | Farm |
| 21:09 | Build | Farm |
| 21:16 | Create | Cavalry Archer |
| 21:18 | Create | Villager (Male) |
| 21:44 | Build | Farm |
| 21:44 | Build | Farm |
| 21:44 | Build | Farm |
| 21:45 | Build | Farm |
| 21:55 | Create | Villager (Male) |
| 21:56 | Create | Villager (Male) |
| 23:04 | Create | Villager (Male) |
| 23:05 | Create | Villager (Male) |
| 23:16 | Create | Villager (Male) |
| 23:42 | Create | Villager (Male) |
| 23:42 | Create | Villager (Male) |
| 24:09 | Build | Farm |
| 24:09 | Build | Farm |
| 24:09 | Build | Farm |
| 24:10 | Build | Farm |
| 24:10 | Build | Farm |
| 24:16 | Research | Bodkin Arrow |
| 24:35 | Build | Stable |
| 25:00 | Create | Villager (Male) |
| 25:00 | Create | Villager (Male) |
| 25:07 | Build | Farm |
| 25:07 | Build | Farm |
| 25:08 | Build | Farm |
| 25:08 | Build | Farm |
| 25:17 | Create | Cavalry Archer ×5 |
| 25:20 | Create | Villager (Male) |
| 25:20 | Create | Villager (Male) |
| 26:00 | Create | Villager (Male) |
| 26:00 | Create | Villager (Male) |
| 26:02 | Create | Villager (Male) |
| 26:02 | Create | Villager (Male) |
| 26:12 | Build | House |
| 26:22 | Create | Villager (Male) |
| 26:22 | Create | Villager (Male) |
| 26:27 | Build | University |
| 26:51 | Build | Archery Range |
| 27:01 | Build | Archery Range |
| 27:06 | Build | House |
| 27:10 | Build | House |
| 27:15 | Build | House |
| 27:29 | Research | Wheelbarrow |
| 27:30 | Create | Villager (Male) |
| 27:31 | Create | Villager (Male) |
| 27:39 | Build | House |
| 27:59 | Research | Ballistics |
| 28:40 | Create | Villager (Male) ×5 |
| 29:51 | Create | Cavalry Archer ×5 |
| 29:51 | Create | Cavalry Archer ×5 |
| 29:55 | Research | Padded Archer Armor |
| 30:00 | Research | Gold Shaft Mining |
| 30:11 | Build | Town Center |
| 30:22 | Build | House |
| 30:34 | Research | Stone Mining |
| 30:40 | Research | Heavy Plow |
| 31:02 | Build | House |
| 31:08 | Create | Cavalry Archer |
| 31:09 | Create | Cavalry Archer |
| 31:20 | Build | Blacksmith |
| 31:29 | Create | Villager (Male) |
| 31:29 | Create | Villager (Male) |
Build order — beibovaneki
First 150 of 572 actions detected
| 0:00 | Create | Villager (Male) |
| 0:02 | Build | House |
| 0:03 | Build | House |
| 0:08 | Create | Villager (Male) |
| 0:08 | Create | Villager (Male) |
| 0:08 | Create | Villager (Male) |
| 1:25 | Create | Villager (Male) |
| 1:57 | Build | Lumber Camp |
| 1:59 | Create | Villager (Male) |
| 2:26 | Create | Villager (Male) |
| 2:42 | Research | Loom |
| 2:44 | Create | Villager (Male) |
| 2:49 | Create | Villager (Male) |
| 2:49 | Create | Villager (Male) |
| 3:09 | Create | Villager (Male) |
| 3:51 | Build | House |
| 3:52 | Build | House |
| 3:55 | Build | House |
| 3:59 | Create | Villager (Male) |
| 4:22 | Create | Villager (Male) |
| 4:40 | Create | Villager (Male) |
| 5:24 | Create | Villager (Male) |
| 5:24 | Create | Villager (Male) |
| 5:24 | Create | Villager (Male) |
| 6:33 | Create | Villager (Male) |
| 6:33 | Create | Villager (Male) |
| 6:33 | Create | Villager (Male) |
| 7:22 | Create | Villager (Male) |
| 7:23 | Create | Villager (Male) |
| 8:17 | Create | Villager (Male) |
| 8:59 | Build | Mill |
| 9:06 | Create | Villager (Male) |
| 9:24 | Research | Feudal Age |
| 10:05 | Build | Mining Camp |
| 11:34 | Age | Feudal Age |
| 11:40 | Build | Market |
| 11:48 | Build | Blacksmith |
| 12:05 | Create | Villager (Male) |
| 12:06 | Create | Villager (Male) |
| 12:48 | Build | House |
| 12:49 | Build | House |
| 12:55 | Research | Castle Age |
| 12:55 | Research | Castle Age |
| 13:36 | Build | Mining Camp |
| 13:45 | Build | Building 796 |
| 13:51 | Build | Barracks |
| 13:55 | Build | House |
| 13:59 | Build | Palisade Gate |
| 14:06 | Build | Palisade Wall |
| 14:12 | Research | Double-Bit Axe |
| 14:16 | Research | Horse Collar |
| 14:41 | Build | House |
| 14:52 | Build | House |
| 14:57 | Create | Spearman |
| 14:57 | Create | Spearman |
| 15:25 | Create | Spearman |
| 15:32 | Create | Villager (Male) |
| 15:35 | Age | Castle Age |
| 15:47 | Build | Town Center |
| 16:04 | Create | Villager (Male) |
| 16:43 | Create | Villager (Male) |
| 16:43 | Create | Villager (Male) |
| 16:43 | Create | Villager (Male) |
| 16:49 | Build | Town Center |
| 17:33 | Build | Farm |
| 17:33 | Build | Farm |
| 17:34 | Build | Farm |
| 17:34 | Build | Farm |
| 17:34 | Build | Farm |
| 17:41 | Create | Villager (Male) |
| 18:21 | Build | Stable |
| 18:36 | Build | Farm |
| 18:36 | Build | Farm |
| 18:41 | Build | Farm |
| 18:41 | Build | Farm |
| 18:41 | Build | Farm |
| 19:03 | Build | Farm |
| 19:04 | Build | Farm |
| 19:04 | Build | Farm |
| 19:19 | Create | Knight |
| 19:19 | Create | Knight |
| 19:30 | Create | Villager (Male) |
| 19:30 | Create | Villager (Male) |
| 19:39 | Create | Villager (Male) |
| 19:45 | Build | Farm |
| 19:45 | Build | Farm |
| 19:45 | Build | Farm |
| 19:59 | Build | Monastery |
| 20:06 | Create | Knight |
| 20:07 | Create | Villager (Male) |
| 20:07 | Create | Villager (Male) |
| 20:22 | Create | Villager (Male) |
| 20:36 | Build | Farm |
| 20:36 | Build | Farm |
| 20:40 | Create | Missionary |
| 20:54 | Create | Villager (Male) |
| 21:03 | Create | Knight |
| 21:11 | Build | Farm |
| 21:11 | Build | Farm |
| 21:12 | Build | Farm |
| 21:12 | Build | Farm |
| 21:12 | Build | Farm |
| 21:19 | Create | Villager (Male) |
| 21:20 | Create | Villager (Male) |
| 21:49 | Create | Villager (Male) |
| 21:50 | Create | Villager (Male) |
| 21:50 | Create | Villager (Male) |
| 22:10 | Create | Missionary |
| 22:13 | Research | Scale Barding Armor |
| 22:18 | Build | Farm |
| 22:19 | Build | Farm |
| 22:19 | Build | Farm |
| 22:19 | Build | Farm |
| 22:26 | Create | Villager (Male) |
| 23:12 | Research | Wheelbarrow |
| 23:12 | Create | Villager (Male) |
| 23:12 | Create | Villager (Male) |
| 23:13 | Create | Villager (Male) |
| 23:27 | Research | Bow Saw |
| 23:37 | Research | Heavy Plow |
| 23:47 | Create | Knight |
| 23:50 | Create | Missionary |
| 23:52 | Create | Villager (Male) |
| 23:52 | Create | Villager (Male) |
| 23:58 | Build | Farm |
| 23:58 | Build | Farm |
| 23:59 | Build | Farm |
| 24:10 | Create | Villager (Male) |
| 24:10 | Create | Villager (Male) |
| 24:11 | Create | Villager (Male) |
| 24:12 | Create | Villager (Male) |
| 24:18 | Create | Knight |
| 24:44 | Create | Villager (Male) |
| 24:47 | Create | Knight |
| 24:54 | Build | House |
| 24:55 | Build | House |
| 24:56 | Build | House |
| 25:14 | Research | Hand Cart |
| 25:34 | Build | Building 487 |
| 25:59 | Build | Stone Wall |
| 26:07 | Create | Villager (Male) |
| 26:07 | Create | Villager (Male) |
| 26:07 | Create | Villager (Male) |
| 26:08 | Create | Villager (Male) |
| 26:23 | Research | Stone Mining |
| 26:24 | Create | Villager (Male) |
| 26:24 | Create | Villager (Male) |
| 26:46 | Create | Missionary |
| 26:47 | Create | Villager (Male) |
| 26:47 | Create | Villager (Male) |
Build order — Black.Sanchez
First 150 of 412 actions detected
| 0:02 | Create | Villager (Male) |
| 0:03 | Create | Villager (Male) |
| 0:03 | Create | Villager (Male) |
| 0:03 | Create | Villager (Male) |
| 0:05 | Build | House |
| 0:06 | Build | House |
| 1:42 | Create | Villager (Male) |
| 1:42 | Create | Villager (Male) |
| 1:52 | Create | Villager (Male) |
| 1:52 | Create | Villager (Male) |
| 2:07 | Build | Lumber Camp |
| 2:36 | Create | Villager (Male) |
| 2:37 | Create | Villager (Male) |
| 3:02 | Create | Villager (Male) |
| 3:02 | Create | Villager (Male) |
| 3:02 | Create | Villager (Male) |
| 3:03 | Create | Villager (Male) |
| 3:10 | Build | House |
| 3:12 | Build | House |
| 3:34 | Create | Villager (Male) |
| 3:35 | Create | Villager (Male) |
| 4:18 | Create | Villager (Male) |
| 4:18 | Create | Villager (Male) |
| 4:18 | Create | Villager (Male) |
| 4:19 | Create | Villager (Male) |
| 5:00 | Create | Villager (Male) |
| 5:00 | Create | Villager (Male) |
| 5:12 | Create | Villager (Male) |
| 5:13 | Create | Villager (Male) |
| 5:42 | Build | Mining Camp |
| 5:57 | Create | Villager (Male) |
| 5:57 | Create | Villager (Male) |
| 5:58 | Create | Villager (Male) |
| 5:58 | Create | Villager (Male) |
| 6:31 | Create | Villager (Male) |
| 6:31 | Create | Villager (Male) |
| 6:36 | Create | Villager (Male) |
| 6:36 | Create | Villager (Male) |
| 6:45 | Build | House |
| 6:46 | Build | House |
| 7:48 | Build | House |
| 7:50 | Build | House |
| 7:57 | Build | Palisade Wall |
| 8:02 | Build | Building 796 |
| 8:43 | Research | Feudal Age |
| 9:14 | Build | Barracks |
| 9:24 | Build | Palisade Wall |
| 9:26 | Build | Building 796 |
| 9:53 | Build | Mill |
| 10:57 | Create | Villager (Male) |
| 10:58 | Create | Villager (Male) |
| 11:03 | Age | Feudal Age |
| 11:04 | Research | Double-Bit Axe |
| 11:04 | Research | Double-Bit Axe |
| 11:06 | Research | Horse Collar |
| 11:09 | Build | Stable |
| 11:22 | Create | Villager (Male) |
| 11:30 | Create | Villager (Male) |
| 11:31 | Create | Villager (Male) |
| 11:35 | Create | Villager (Male) |
| 11:48 | Build | Blacksmith |
| 11:54 | Research | Loom |
| 12:03 | Create | Scout Cavalry |
| 12:04 | Create | Scout Cavalry |
| 12:08 | Build | House |
| 12:10 | Build | House |
| 12:20 | Create | Villager (Male) |
| 12:30 | Create | Villager (Male) |
| 12:42 | Build | Palisade Wall |
| 12:49 | Create | Scout Cavalry |
| 12:50 | Create | Scout Cavalry |
| 12:59 | Create | Villager (Male) |
| 12:59 | Create | Villager (Male) |
| 12:59 | Create | Villager (Male) |
| 13:02 | Build | Farm |
| 13:03 | Build | Farm |
| 13:05 | Build | Farm |
| 13:11 | Research | Scale Barding Armor |
| 13:21 | Create | Villager (Male) |
| 13:21 | Create | Villager (Male) |
| 13:26 | Build | Farm |
| 13:37 | Build | Farm |
| 14:05 | Research | Bloodlines |
| 14:09 | Build | Farm |
| 14:10 | Create | Villager (Male) |
| 14:15 | Build | Farm |
| 14:16 | Build | Farm |
| 14:17 | Build | Farm |
| 14:18 | Build | Farm |
| 14:20 | Build | Farm |
| 14:42 | Build | Farm |
| 14:54 | Create | Villager (Male) |
| 14:55 | Create | Villager (Male) |
| 15:10 | Build | Palisade Wall |
| 15:15 | Build | Farm |
| 15:27 | Build | Farm |
| 15:28 | Create | Villager (Male) |
| 15:56 | Build | Farm |
| 15:57 | Create | Villager (Male) |
| 16:40 | Create | Villager (Male) |
| 16:41 | Create | Villager (Male) |
| 16:41 | Create | Villager (Male) |
| 16:44 | Build | Mining Camp |
| 17:23 | Create | Villager (Male) |
| 17:48 | Build | Farm |
| 17:50 | Build | Farm |
| 17:53 | Build | Farm |
| 17:55 | Build | Farm |
| 17:56 | Build | Farm |
| 18:05 | Research | Castle Age |
| 18:33 | Build | House |
| 18:35 | Build | House |
| 18:36 | Build | House |
| 18:37 | Build | House |
| 18:50 | Build | Archery Range |
| 19:32 | Research | Gold Mining |
| 19:33 | Research | Stone Mining |
| 19:40 | Create | Scout Cavalry |
| 19:41 | Create | Scout Cavalry |
| 19:41 | Create | Scout Cavalry |
| 20:38 | Create | Villager (Male) |
| 21:00 | Age | Castle Age |
| 21:07 | Create | Steppe Lancer ×5 |
| 21:13 | Create | Villager (Male) |
| 21:13 | Create | Villager (Male) |
| 21:17 | Build | Town Center |
| 21:20 | Create | Villager (Male) |
| 21:50 | Research | Chain Barding Armor |
| 22:17 | Create | Villager (Male) |
| 22:17 | Create | Villager (Male) |
| 22:17 | Create | Villager (Male) |
| 22:37 | Build | Town Center |
| 23:01 | Create | Villager (Male) |
| 23:05 | Create | Villager (Male) |
| 23:05 | Create | Villager (Male) |
| 23:05 | Create | Villager (Male) |
| 23:06 | Create | Villager (Male) |
| 23:16 | Build | Castle |
| 23:36 | Build | Farm |
| 23:43 | Research | Wheelbarrow |
| 24:01 | Create | Villager (Male) |
| 24:02 | Create | Villager (Male) |
| 24:02 | Create | Villager (Male) |
| 24:03 | Create | Villager (Male) |
| 24:03 | Create | Villager (Male) |
| 24:03 | Create | Villager (Male) |
| 24:03 | Create | Villager (Male) |
| 24:06 | Create | Villager (Male) |
| 24:09 | Build | Farm |
| 24:09 | Build | Farm |
Build order — THEONE
First 150 of 621 actions detected
| 0:22 | Research | Loom |
| 1:06 | Create | Villager (Male) |
| 1:27 | Create | Villager (Male) |
| 1:31 | Create | Villager (Male) |
| 1:32 | Create | Villager (Male) |
| 1:32 | Create | Villager (Male) |
| 1:32 | Create | Villager (Male) |
| 2:04 | Create | Villager (Male) |
| 2:04 | Create | Villager (Male) |
| 2:05 | Create | Villager (Male) |
| 2:05 | Create | Villager (Male) |
| 2:05 | Create | Villager (Male) |
| 2:20 | Build | House |
| 2:21 | Build | House |
| 2:34 | Create | Villager (Male) |
| 2:34 | Create | Villager (Male) |
| 2:35 | Create | Villager (Male) |
| 2:58 | Create | Villager (Male) |
| 2:58 | Create | Villager (Male) |
| 2:59 | Create | Villager (Male) |
| 3:42 | Create | Villager (Male) |
| 3:42 | Create | Villager (Male) |
| 3:42 | Create | Villager (Male) |
| 3:42 | Create | Villager (Male) |
| 3:47 | Build | Lumber Camp |
| 4:14 | Create | Villager (Male) |
| 4:14 | Create | Villager (Male) |
| 4:25 | Create | Villager (Male) |
| 4:26 | Create | Villager (Male) |
| 4:48 | Create | Villager (Male) |
| 4:48 | Create | Villager (Male) |
| 4:49 | Create | Villager (Male) |
| 5:20 | Build | House |
| 5:30 | Create | Villager (Male) |
| 5:30 | Create | Villager (Male) |
| 5:30 | Create | Villager (Male) |
| 5:33 | Create | Villager (Male) |
| 5:33 | Create | Villager (Male) |
| 6:34 | Build | Mill |
| 7:44 | Create | Villager (Male) |
| 7:44 | Create | Villager (Male) |
| 7:55 | Create | Villager (Male) |
| 7:55 | Create | Villager (Male) |
| 8:06 | Build | Palisade Wall |
| 8:13 | Build | Palisade Wall |
| 8:15 | Build | Palisade Wall |
| 8:43 | Build | House |
| 8:51 | Build | Palisade Wall |
| 9:06 | Build | Palisade Gate |
| 9:48 | Build | Building 796 |
| 9:52 | Research | Feudal Age |
| 12:14 | Create | Villager (Male) |
| 12:14 | Create | Villager (Male) |
| 12:14 | Age | Feudal Age |
| 12:15 | Create | Villager (Male) |
| 12:16 | Create | Villager (Male) |
| 12:34 | Build | Barracks |
| 12:38 | Build | House |
| 12:48 | Build | Mining Camp |
| 12:56 | Build | Farm |
| 12:56 | Build | Farm |
| 12:56 | Build | Farm |
| 12:56 | Build | Farm |
| 12:57 | Build | Farm |
| 12:57 | Build | Farm |
| 12:57 | Build | Farm |
| 12:58 | Build | Farm |
| 13:37 | Create | Villager (Male) |
| 13:46 | Build | House |
| 13:47 | Build | House |
| 13:53 | Build | Blacksmith |
| 13:57 | Build | House |
| 14:06 | Create | Villager (Male) |
| 14:36 | Build | Farm |
| 14:37 | Build | Farm |
| 14:37 | Build | Farm |
| 14:57 | Build | Lumber Camp |
| 15:00 | Create | Villager (Male) |
| 15:00 | Create | Villager (Male) |
| 15:33 | Build | Farm |
| 15:59 | Build | Farm |
| 16:00 | Build | Farm |
| 16:20 | Build | Stable |
| 16:28 | Create | Villager (Male) |
| 16:32 | Research | Double-Bit Axe |
| 16:44 | Build | Mining Camp |
| 16:49 | Build | House |
| 17:01 | Research | Castle Age |
| 17:01 | Research | Castle Age |
| 17:01 | Research | Castle Age |
| 17:51 | Build | Market |
| 18:13 | Research | Stone Mining |
| 19:29 | Create | Villager (Male) |
| 19:29 | Create | Villager (Male) |
| 19:41 | Age | Castle Age |
| 19:55 | Build | Castle |
| 20:03 | Create | Fire Lancer |
| 20:03 | Create | Fire Lancer |
| 20:11 | Create | Knight |
| 20:11 | Create | Knight |
| 20:27 | Create | Villager (Male) |
| 20:28 | Create | Villager (Male) |
| 21:02 | Build | Siege Workshop |
| 21:31 | Build | Castle |
| 21:41 | Create | Iron Pagoda |
| 23:02 | Build | Monastery |
| 23:23 | Build | Lumber Camp |
| 23:46 | Create | Iron Pagoda |
| 23:51 | Create | Monk |
| 23:54 | Create | Villager (Male) |
| 23:55 | Create | Villager (Male) |
| 23:56 | Create | Villager (Male) |
| 23:57 | Create | Villager (Male) |
| 23:57 | Create | Villager (Male) |
| 23:57 | Create | Villager (Male) |
| 23:57 | Create | Villager (Male) |
| 23:57 | Create | Villager (Male) |
| 24:08 | Create | Chu Ko Nu |
| 24:08 | Create | Chu Ko Nu |
| 24:08 | Create | Chu Ko Nu |
| 24:08 | Create | Chu Ko Nu |
| 24:33 | Create | Iron Pagoda |
| 24:38 | Research | Gold Mining |
| 24:40 | Create | Villager (Male) |
| 24:41 | Create | Villager (Male) |
| 24:42 | Create | Villager (Male) |
| 24:42 | Create | Villager (Male) |
| 25:27 | Research | Bow Saw |
| 25:33 | Create | Iron Pagoda |
| 25:44 | Create | Villager (Male) |
| 25:45 | Create | Villager (Male) |
| 25:59 | Build | Town Center |
| 26:57 | Research | Gold Shaft Mining |
| 28:27 | Research | Imperial Age |
| 28:50 | Build | Siege Workshop |
| 28:57 | Build | Town Center |
| 29:17 | Research | Imperial Age |
| 29:17 | Research | Imperial Age |
| 29:18 | Research | Imperial Age |
| 29:18 | Research | Imperial Age |
| 29:18 | Research | Imperial Age |
| 29:19 | Research | Imperial Age |
| 29:32 | Create | Fire Lancer |
| 29:32 | Create | Fire Lancer |
| 29:32 | Create | Fire Lancer |
| 29:32 | Create | Fire Lancer |
| 29:33 | Create | Fire Lancer |
| 29:33 | Create | Fire Lancer |
| 29:42 | Create | Villager (Male) |
| 29:42 | Create | Villager (Male) |
Match timeline
| 7:57 | Black.Sanchez · wall_segment Palisade Wall x9 |
| 8:06 | THEONE · wall_segment Palisade Wall x9 |
| 8:13 | THEONE · wall_segment Palisade Wall x4 |
| 8:15 | THEONE · wall_segment Palisade Wall x19 |
| 8:51 | THEONE · wall_segment Palisade Wall x25 |
| 9:14 | Black.Sanchez · first_building Barracks |
| 9:24 | Black.Sanchez · wall_segment Palisade Wall x16 |
| 11:03 | Black.Sanchez · age_up feudal |
| 11:09 | Black.Sanchez · first_building Stable |
| 11:26 | Spartacus · age_up feudal |
| 11:34 | beibovaneki · age_up feudal |
| 12:14 | THEONE · age_up feudal |
| 12:34 | THEONE · first_building Barracks |
| 12:42 | Black.Sanchez · wall_segment Palisade Wall x2 |
| 13:51 | beibovaneki · first_building Barracks |
| 14:06 | beibovaneki · wall_segment Palisade Wall x11 |
| 14:09 | Spartacus · first_building Barracks |
| 15:10 | Black.Sanchez · wall_segment Palisade Wall x1 |
| 15:35 | beibovaneki · age_up castle |
| 15:44 | Spartacus · age_up castle |
| 16:20 | THEONE · first_building Stable |
| 17:30 | Spartacus · first_building Archery Range |
| 18:21 | beibovaneki · first_building Stable |
| 18:28 | Spartacus · first_market_sell 100 food |
| 18:34 | Spartacus · first_market_buy 100 wood |
| 18:50 | Black.Sanchez · first_building Archery Range |
| 19:17 | beibovaneki · first_market_buy 100 food |
| 19:41 | THEONE · age_up castle |
| 19:55 | THEONE · first_building Castle |
| 19:59 | beibovaneki · first_building Monastery |
| 21:00 | Black.Sanchez · age_up castle |
| 21:02 | THEONE · first_building Siege Workshop |
| 23:02 | THEONE · first_building Monastery |
| 23:16 | Black.Sanchez · first_building Castle |
| 23:31 | beibovaneki · first_market_sell 100 wood |
| 24:35 | Spartacus · first_building Stable |
| 25:59 | beibovaneki · wall_segment Stone Wall x1 |
| 26:43 | Black.Sanchez · first_building Monastery |
| 29:38 | beibovaneki · wall_segment Stone Wall x14 |
| 30:51 | beibovaneki · first_building Castle |
| 32:27 | THEONE · age_up imperial |
| 33:01 | beibovaneki · first_building Archery Range |
| 33:09 | Spartacus · first_building Siege Workshop |
| 35:29 | beibovaneki · age_up imperial |
| 35:43 | Spartacus · first_building Castle |
| 35:50 | Black.Sanchez · age_up imperial |
| 36:40 | Spartacus · age_up imperial |
| 36:56 | beibovaneki · tribute_sent a jugador 2 |
| 36:56 | beibovaneki · tribute_sent a jugador 3 |
| 36:56 | beibovaneki · tribute_sent a jugador 4 |
| 40:28 | beibovaneki · wall_segment Stone Wall x6 |
| 41:04 | beibovaneki · wall_segment Stone Wall x2 |
| 43:11 | beibovaneki · wall_segment Stone Wall x32 |
| 43:27 | beibovaneki · wall_segment Stone Wall x20 |
| 43:30 | Spartacus · first_building Monastery |
| 45:43 | beibovaneki · wall_segment Stone Wall x9 |
| 46:13 | beibovaneki · wall_segment Stone Wall x17 |
| 46:22 | beibovaneki · wall_segment Stone Wall x12 |
| 48:40 | beibovaneki · wall_segment Stone Wall x16 |
| 51:28 | Black.Sanchez · wall_segment Stone Wall x1 |
| 60:09 | beibovaneki · wall_segment Stone Wall x7 |
| 60:15 | beibovaneki · wall_segment Stone Wall x15 |
| 60:51 | Spartacus · tribute_sent a jugador 1 |
| 60:51 | Spartacus · tribute_sent a jugador 2 |
| 60:51 | Spartacus · tribute_sent a jugador 4 |
| 64:36 | THEONE · wall_segment Palisade Wall x4 |
| 64:38 | THEONE · wall_segment Palisade Wall x5 |
| 65:58 | beibovaneki · resign |
| 67:48 | THEONE · first_building Archery Range |
[ AI ANALYSIS · 1 CREDIT ]
What really happened in this match?
Wolo.gg analyzes every decision: build order, eco, micro, common mistakes by bracket. Personalized analysis on WhatsApp or Discord in 30 seconds.
Civ guide
Mongols
Map guide
Lombardia
Perfil
Spartacus